Map: Jagannatha LE

Players

Pumba - Winner!

  • Race: Zerg Zerg
  • League: Diamond
  • Spawn Location: 7:00

SonofTy

  • Race: Terran Terran
  • League: Diamond
  • Spawn Location: 1:00

VOD

Have the link to the VOD?

Description

Time

  • Played on: Aug. 24, 2021, 10:02 p.m.
  • Length: 13:38
Show
View Real Time Build Order
Export as new Build Order

Pumba Zerg - Winner!

Build Orders: Pool First 

Get SALT Encoding   

  12  0:00  Drone  
  13  0:12  Overlord  
  13  0:17  Drone  
  14  0:30  Drone x2  
  14  0:35  Drone  
  17  0:44  Extractor  
  17  0:45  Drone  
  17  0:50  Spawning Pool  
  17  0:55  Drone  
  17  1:07  Drone  
  18  1:19  Hatchery  
  18  1:22  Drone  
  18  1:30  Drone  
  19  1:37  Queen  
  21  1:40  Zergling x2  
  22  1:49  Overlord  
  22  1:53  Metabolic Boost  
  23  2:08  Drone  
  23  2:12  Queen  
  25  2:20  Drone  
  26  2:23  Drone  
  27  2:33  Lair  
  27  2:34  Drone  
  28  2:39  Extractor  
  28  2:42  Drone  
  28  2:43  Drone x2  
  30  2:48  Drone x2  
  30  2:49  Drone  
  33  2:54  Queen  
  35  3:02  Zergling x2  
  36  3:07  Overlord  
  36  3:12  Overlord  
  36  3:25  Drone x7  
  43  3:30  Zergling x2  
  43  3:31  Zergling x2  
  45  3:36  Zergling x2  
  45  3:37  Zergling x2  
  47  3:56  Spire  
  47  4:01  Drone x4  
  50  4:05  Overlord  
  50  4:10  Drone  
  50  4:11  Drone  
  50  4:14  Hatchery, Extractor x2  
  49  4:17  Drone  
  49  4:19  Overseer  
  49  4:21  Baneling Nest  
  49  4:22  Drone  
  50  4:26  Overlord  
  50  4:41  Drone x2  
  50  4:42  Overlord x3  
  52  4:45  Drone  
  52  4:46  Drone x3  
  56  4:55  Overseer  
  56  5:10  Queen  
  58  5:17  Mutalisk x3  
  58  5:18  Mutalisk x3  
  70  5:24  Mutalisk  
  72  5:31  Baneling x2  
  72  5:37  Zergling x6  
  72  5:41  Baneling x2  
  75  5:52  Drone x8  
  75  5:54  Overseer  
  83  6:03  Overlord x3  
  79  6:22  Drone x8  
  85  6:29  Drone  
  85  6:31  Drone x4  
  90  6:33  Extractor x2  
  90  6:34  Hatchery x2  
  90  6:36  Queen  
  88  6:46  Drone  
  89  6:47  Hatchery  
  89  6:48  Evolution Chamber  
  89  6:49  Centrifugal Hooks  
  87  6:56  Drone x3  
  87  6:57  Evolution Chamber  
  87  6:58  Drone  
  90  7:03  Drone x5  
  95  7:15  Overseer  
  95  7:26  Zergling x22  
  105  7:31  Spine Crawler  
  105  7:32  Spine Crawler  
  105  7:34  Zergling x8  
  105  7:35  Spine Crawler  
  105  7:37  Baneling x10  
  106  7:46  Baneling, Spine Crawler  
  106  7:47  Baneling x15  
  105  8:00  Zergling x6  
  105  8:01  Zergling x22  
  119  8:09  Zergling x8  
  118  8:21  Zergling x20  
  113  8:29  Drone x3  
  114  8:38  Drone x2  
  114  8:40  Drone x8  
  122  8:45  Zerg Melee Weapons Level 1  
  122  8:56  Zerg Ground Armor Level 1  
  122  9:05  Overlord x5  
  122  9:14  Extractor  
  121  9:21  Mutalisk  
  121  9:23  Overlord x7  
  123  9:27  Baneling  
  123  9:28  Baneling x9  
  123  9:33  Zerg Flyer Weapons Level 1  
  123  9:42  Extractor  
  99  10:24  Zergling x34  
  99  10:25  Mutalisk x12  
  138  10:36  Mutalisk x6  
  138  10:41  Zerg Melee Weapons Level 2  
  150  10:43  Drone  
  151  11:01  Extractor  
  151  11:03  Drone x2  
  151  11:04  Drone  
  153  11:07  Extractor  
  153  11:08  Drone x3  
  155  11:17  Baneling  
  155  11:18  Baneling x20  
  155  11:21  Baneling  
  155  11:22  Baneling x13  
  148  11:55  Zergling x14  
  148  11:56  Zergling x14  
  148  11:58  Baneling x8  
  148  11:59  Baneling x4  
  149  12:14  Drone x5  
  154  12:21  Zergling x8  
  154  12:22  Zergling x14  
  161  12:26  Hatchery  
  161  12:29  Baneling x11  
  158  12:34  Zergling x26  
  158  12:35  Zergling x10  
  173  12:44  Infestation Pit  
  162  12:59  Zergling x6  
  162  13:00  Zergling x22  
  162  13:01  Baneling x12  
  166  13:13  Zergling x24  
Show
View Real Time Build Order
Export as new Build Order

SonofTy Terran 

Build Orders:  

Get SALT Encoding   

  12  0:00  SCV  
  13  0:12  SCV  
  14  0:17  Supply Depot  
  14  0:24  SCV  
  15  0:29  Refinery  
  15  0:38  SCV  
  16  0:45  Barracks  
  16  0:51  SCV  
  17  1:03  SCV  
  18  1:15  SCV  
  19  1:32  Orbital Command  
  19  1:34  Marine  
  19  1:35  Factory  
  20  1:51  Supply Depot  
  20  1:55  Barracks Reactor  
  20  2:01  SCV  
  20  2:15  Command Center  
  20  2:18  SCV  
  21  2:41  SCV  
  21  2:43  Hellion x2  
  26  2:47  Ghost Academy  
  26  2:48  Refinery  
  26  2:50  Barracks Tech Lab  
  26  2:53  SCV  
  27  3:04  Hellion x2  
  31  3:16  Supply Depot  
  31  3:26  SCV  
  32  3:28  Orbital Command  
  32  3:32  Ghost  
  34  3:39  Armory  
  34  3:41  SCV  
  34  3:48  Hellion  
  37  3:54  Orbital Command  
  37  4:00  Ghost  
  39  4:05  SCV  
  40  4:21  Factory Tech Lab  
  40  4:25  Factory  
  40  4:29  SCV x2  
  42  4:41  SCV x2  
  42  4:44  Engineering Bay  
  44  4:51  Refinery  
  44  4:55  SCV x2  
  44  4:57  Thor  
  52  5:10  Widow Mine  
  54  5:16  SCV x2, Widow Mine  
  54  5:17  Supply Depot  
  58  5:27  Missile Turret x2  
  58  5:28  SCV x2  
  60  5:31  Missile Turret  
  60  5:49  SCV  
  61  6:02  Command Center  
  58  6:23  Thor  
  58  6:24  Hellbat x2  
  65  6:28  Ghost  
  67  6:41  SCV x2  
  67  6:45  Refinery  
  69  6:47  Factory  
  69  6:48  Terran Vehicle Weapons Level 1  
  69  6:51  Armory  
  69  6:53  Supply Depot  
  69  6:55  Supply Depot  
  73  7:01  Hellbat x2  
  73  7:02  Supply Depot  
  73  7:06  Supply Depot, SCV x2  
  75  7:27  SCV  
  75  7:28  SCV  
  75  7:29  Thor  
  85  7:30  Hellbat x2  
  87  7:49  Missile Turret  
  87  8:11  Factory Tech Lab, Hellbat x2  
  87  8:12  Thor  
  66  8:33  Hellbat x2  
  68  8:42  Thor  
  72  8:48  Orbital Command  
  72  8:49  SCV x2  
  72  8:53  Ghost  
  72  8:55  Command Center  
  76  8:56  Thor, Widow Mine x2  
  76  8:57  Factory  
  76  9:01  Terran Vehicle And Ship Armor Level 1  
  86  9:09  Refinery  
  86  9:18  Widow Mine  
  86  9:19  Widow Mine  
  86  9:23  Factory  
  90  9:25  Factory  
  91  9:31  SCV x3  
  91  9:35  Siege Tank  
  96  9:43  SCV x2  
  68  10:21  SCV  
  68  10:24  Orbital Command  
  68  10:32  Factory Tech Lab  
  68  10:35  Factory Tech Lab x2, Missile Turret  
  68  10:38  SCV x2  
  68  10:40  Missile Turret  
  68  10:41  SCV  
  71  10:50  SCV x2  
  71  10:51  SCV  
  71  10:53  SCV  
  75  10:59  Thor  
  75  11:01  Hellbat  
  75  11:02  SCV x2  
  75  11:03  SCV  
  86  11:14  SCV x2  
  86  11:15  SCV x2  
  90  11:26  SCV x2  
  90  11:27  SCV  
  90  11:28  Siege Tank  
  95  11:51  Orbital Command  
  86  12:00  Armory  
  67  12:12  SCV x2  
  58  12:33  Widow Mine x3  
  58  12:34  Widow Mine x2  
  58  12:35  SCV  
Tags
 
Add a new tag
Caveats
  • Supply blocks, unpowered buildings, or Contaminate may cause inaccurate times.
  • Supply counts are checked every 10 seconds.